 Dungeon Crawl Stone Soup version 0.20.2-3-g29329e0561 (webtiles) character file.

145 Alfie the Shooter (level 5, -4/45 HPs)
             Began as a Minotaur Hunter on June 29, 2020.
             Killed by divine providence
             ... invoked by an orc priest
              (15 damage)
             ... on level 3 of the Dungeon.
             The game lasted 00:05:38 (1742 turns).

Alfie the Shooter (Minotaur Hunter)                 Turns: 1742, Time: 00:05:39

Health: -4/45      AC:  3    Str: 17    XL:     5   Next: 6%
Magic:  4/4        EV: 12    Int:  8    God:
Gold:   139        SH:  0    Dex: 11    Spells: 4/4 levels left

rFire    . . .     SeeInvis .   a - +1 shortbow
rCold    . . .     Gourm    .   (shield currently unavailable)
rNeg     . . .     Faith    .   c - +0 leather armour
rPois    .         Spirit   .   (helmet restricted)
rElec    .         Reflect  .   (no cloak)
rCorr    .         Harm     .   (no gloves)
MR       .....                  (no boots)
Stlth    +.........             (no amulet)
Regen    0.2/turn               (no ring)
MPRegen  0.1/turn               (no ring)

@: lethally poisoned (-4 -> -5), slowed, very slow
A: retaliatory headbutt, horns 2
a: no special abilities


You were on level 3 of the Dungeon.
You were not hungry.

You visited 1 branch of the dungeon, and saw 3 of its levels.

You collected 139 gold pieces.

Inventory:

Hand Weapons
 a - a +1 shortbow (weapon)
 b - a +0 short sword
Missiles
 d - 31 arrows (quivered)
 i - 3 poisoned tomahawks
 n - 5 tomahawks
Armour
 c - a +0 leather armour (worn)
Jewellery
 o - an uncursed ring of wizardry
Scrolls
 m - a scroll of immolation {unknown}
Potions
 e - 3 potions of ambrosia {unknown}
 g - 2 potions of brilliance {unknown}
 h - 4 potions of curing
 j - a potion of flight {unknown}
 k - a potion of cancellation {unknown}
 l - a potion of mutation {unknown}
Comestibles
 f - 3 bread rations


   Skills:
 + Level 3.4 Fighting
 + Level 6.4 Bows
 + Level 0.5 Armour
 + Level 2.4 Dodging
 + Level 1.0 Stealth


You had 4 spell levels left.
You didn't know any spells.

Dungeon Overview and Level Annotations

Branches:
Dungeon (3/15)

Altars:
Nemelex Xobeh
Qazlal
Yredelemnul

Annotations:
D:3 Alfie's ghost, amateur MiHu


Innate Abilities, Weirdness & Mutations

You reflexively headbutt those who attack you in melee.
You have a pair of horns on your head.


Message History

Aim: Alfie's ghost (moderately damaged)
You shoot an arrow. The arrow hits Alfie's ghost.
Alfie's ghost is moderately damaged.
Alfie's ghost hits you.
* * * LOW HITPOINT WARNING * * *
Firing (i - inventory. (,) - cycle):
d - 33 arrows (quivered)
Press: ? - help, Shift-Dir - straight line, f/p - Alfie's ghost
Aim: Alfie's ghost (moderately damaged)
You shoot an arrow. The arrow barely misses Alfie's ghost.
You feel sick.
The orc priest looks satisfied for a moment.
The orc wizard gestures at you while chanting.
You feel yourself slow down. Alfie's ghost closely misses you.
Firing (i - inventory. (,) - cycle):
d - 32 arrows (quivered)
Press: ? - help, Shift-Dir - straight line, f/p - Alfie's ghost
Aim: Alfie's ghost (moderately damaged)
You shoot an arrow. The arrow hits Alfie's ghost!
Alfie's ghost is heavily damaged.
The orc priest mumbles some strange prayers to Beogh against you.
Beogh smites you!
You die...

## ### (.. #.. ..( ###
#.# .( .... #.#
####o##########.###.#.#
#($.>W@..............<.
#....o#..#.)........###
#................#.. #
#......####.####.#. #
#......##.....##...##
#......#.......#....#
#......#..)....#.##.# #
#.........._.....##.# #
......#.......#.##.# #


You could see an orc priest, an orc wizard and Alfie's ghost.

Vanquished Creatures
  An orc priest (D:3)
  4 adders
  An ooze (D:2)
  3 worms
  2 dart slugs (D:1)
  2 leopard geckos
  3 orcs (D:3)
  2 ball pythons
  4 bats
  A giant cockroach (D:1)
  8 hobgoblins
  2 jackals (D:2)
  A quokka (D:2)
  A frilled lizard (D:1)
  10 goblins
  9 kobolds
  4 rats
58 creatures vanquished.

Notes
Turn   | Place    | Note
-------+----------+-------------------------------------------
     0 | D:1      | Alfie the Minotaur Hunter began the quest for the Orb.
     0 | D:1      | Reached XP level 1. HP: 18/18 MP: 0/0
   182 | D:1      | Reached XP level 2. HP: 25/25 MP: 1/1
   415 | D:1      | Reached skill level 5 in Bows
   752 | D:2      | Reached XP level 3. HP: 30/30 MP: 2/2
   960 | D:2      | Reached XP level 4. HP: 38/38 MP: 3/3
  1039 | D:2      | Found a sparkling altar of Nemelex Xobeh.
  1228 | D:2      | Found a stormy altar of Qazlal.
  1553 | D:3      | Reached skill level 6 in Bows
  1630 | D:3      | Reached skill level 1 in Stealth
  1633 | D:3      | Reached XP level 5. HP: 31/45 MP: 4/4
  1702 | D:3      | Found a basalt altar of Yredelemnul.
  1732 | D:3      | Noticed Alfie's ghost (amateur MiHu)
  1742 | D:3      | Killed from afar by an orc priest

Skill      XL: |  1  2  3  4 |
---------------+-------------+-----
Bows           | 5 6 |  6.4
Fighting       | 3 |  3.4
Stealth        | 1 |  1.0
Armour         | |  0.5
Dodging        | |  2.4

Action                   |  1- 3 |  4- 6 || total
-------------------------+-------+-------++-------
 Fire: Shortbow          |    99 |    63 ||   162
  Use: Scroll            |     2 |     3 ||     5
       Potion            |       |     1 ||     1
  Eat: Royal jelly       |       |     1 ||     1
Armor: Leather armour    |     3 |     1 ||     4
Dodge: Dodged            |    10 |    15 ||    25
